 Dungeon Crawl Stone Soup version 0.27-a0-1147-gb3d8e82157 (webtiles) character file.

Game seed: 17648211302109064082

21 Snikeer the Chopper (level 2, -6/27 HPs)
             Began as a Hill Orc Berserker on May 11, 2021.
             Was a Follower of Trog.
             Succumbed to a goblin's poison
             ... on level 1 of the Dungeon.
             The game lasted 00:00:36 (631 turns).

Snikeer the Chopper (Hill Orc Berserker)             Turns: 631, Time: 00:00:36

Health: -6/27      AC:  2    Str: 19    XL:     2   Next: 83%
Magic:  2/2        EV: 11    Int:  7    God:    Trog [*.....]
Gold:   0          SH:  0    Dex: 10    Spells: 1/1 levels left

rFire    . . .     SeeInvis .   a - +0 hand axe
rCold    . . .     Faith    .   (no shield)
rNeg     . . .     Spirit   .   b - +0 animal skin
rPois    .         Reflect  .   (no helmet)
rElec    .         Harm     .   (no cloak)
rCorr    .         Rampage  .   (no gloves)
Will     .....                  (no boots)
Stlth    +.........             (no amulet)
HPRegen  0.09/turn              (no ring)
MPRegen  0.08/turn              (no ring)

@: lethally poisoned (-6 -> -41)
A: no striking features
a: Renounce Religion, Berserk


You were on level 1 of the Dungeon.
You worshipped Trog.
Trog was aware of your devotion.
You visited 1 branch of the dungeon, and saw 1 of its levels.

Inventory:

Hand Weapons
 a - a +0 hand axe (weapon)
Missiles
 c - 23 bolts
 s - 24 stones
Armour
 b - a +0 animal skin (worn)
Potions
 d - a potion of mutation {unknown}
 e - a potion of attraction {unknown}


   Skills:
 + Level 4.3 Fighting
 + Level 4.7 Axes
 - Level 2.1 Armour
 - Level 1.5 Dodging


You had one spell level left.
You didn't know any spells.
Your spell library was empty.

Dungeon Overview and Level Annotations

Branches:
Dungeon (1/15)

Altars:


Message History

Trog accepts your kill.
No target in view!
No target in view!
No target in view!
You see here a jackal corpse.
d - a red potion Health restored: 27
There is a dry fountain here.
Found a stone staircase leading down.
There is a stone staircase leading down here.
Found a faded altar of an unknown god.
e - a green potion No target in view!
No target in view!
No target in view!
No target in view!
A giant cockroach comes into view.
A giant cockroach is nearby!
A giant cockroach is nearby!
A giant cockroach is nearby!
A giant cockroach is nearby!
The giant cockroach closely misses you.
You hit the giant cockroach. The giant cockroach barely misses you.
The giant cockroach closely misses you.
You barely miss the giant cockroach.
The giant cockroach bites you but does no damage.
You barely miss the giant cockroach. The giant cockroach closely misses you.
You slash the giant cockroach! Trog accepts your kill.
No target in view!
No target in view!
A frilled lizard comes into view.
The frilled lizard hisses angrily.
You see here a giant cockroach corpse.
A frilled lizard is nearby!
A frilled lizard is nearby!
A frilled lizard is nearby!
A frilled lizard is nearby!
You hit the frilled lizard. Trog accepts your kill.
No target in view!
No target in view!
You see here a frilled lizard corpse.
s - 24 stones A goblin comes into view. It is wielding a +0 club.
A goblin is nearby!
A goblin is nearby!
A goblin is nearby!
A hobgoblin comes into view.
The goblin shouts!
The hobgoblin shouts!
Found a stone staircase leading down.
You hit the goblin. The goblin hits you but does no damage.
You slash the goblin! Trog accepts your kill.
You closely miss the hobgoblin. The hobgoblin barely misses you.
You hit the hobgoblin but do no damage. The hobgoblin closely misses you.
You slash the hobgoblin! Trog accepts your kill.
A frilled lizard comes into view.
The frilled lizard hisses angrily.
A frilled lizard is nearby!
You hit the frilled lizard but do no damage.
The frilled lizard misses you.
A goblin comes into view. It is wielding a +0 dagger of venom.
The goblin shouts!
You hit the frilled lizard but do no damage.
The frilled lizard closely misses you.
You hit the frilled lizard. Trog accepts your kill.
You miss the goblin. The goblin closely misses you.
You hit the goblin but do no damage. The goblin hits you but does no damage.
You are poisoned.
You closely miss the goblin.
You feel sick. The goblin hits you but does no damage.
You are more poisoned.
A goblin comes into view. It is wielding a +0 club.
You take 2 damage, and have 25/27 hp.
You closely miss the goblin.
You feel very sick.
The goblin hits you with a +0 dagger of venom.
You are lethally poisoned!
You take 6 damage, and have 19/27 hp.
MASSIVE DAMAGE!!
The goblin shouts!
You hit the goblin.
You feel very sick. The goblin hits you but does no damage.
You are more poisoned.
You take 5 damage, and have 14/27 hp.
You are too injured to fight recklessly!
You are too injured to fight recklessly!
You closely miss the goblin.
* * * LOW HITPOINT WARNING * * *
You feel very sick.
The goblin hits you with a +0 dagger of venom.
* * * LOW HITPOINT WARNING * * *
The goblin hits you with a +0 dagger of venom.
* * * LOW HITPOINT WARNING * * *
You are more poisoned.
You closely miss the goblin.
You die...

#..............
#.##...........
#####.##...........
##..##..########..##
##.....)..### ##..#.
#...........# #.###.
#..............##..##
##...†....###.. ###.#
#..@.....# .##..##
.......g......#
#.###.
####..........#
##..## ##........##
###.# ##g.##..##
##..## ....
#########.#### ."..
#.......##..## .....
#........###.#
#.......##..##


You could see 2 goblins.

Vanquished Creatures
  2 bats (D:1)
  An endoplasm (D:1)
  2 giant cockroaches (D:1)
  A goblin (D:1)
  3 hobgoblins (D:1)
  4 jackals (D:1)
  A ball python (D:1)
  3 frilled lizards (D:1)
17 creatures vanquished.

Notes
Turn   | Place    | Note
-------+----------+-------------------------------------------
     0 | D:1      | Snikeer the Hill Orc Berserker began the quest for the Orb.
     0 | D:1      | Reached XP level 1. HP: 19/19 MP: 1/1
   197 | D:1      | Reached XP level 2. HP: 20/27 MP: 2/2
   352 | D:1      | Reached skill level 4 in Fighting
   514 | D:1      | Found a faded altar of an unknown god.
   630 | D:1      | HP: 6/27 [goblin/+0 dagger of venom (2)]
   630 | D:1      | HP: 2/27 [goblin/+0 dagger of venom (4)]
   631 | D:1      | Succumbed to a goblin's poison

Illustrated notes

Levels and vault maps discovered:
D:1:      minmay_arrival_stone_box, layout_basic,
          shapermc_ecumenical_altar_totnotflames, grunt_decor_resistance,
          corexii_hall_statues_t, st_stairs_5

Skill      XL: |  1  2 |
---------------+-------+-----
Fighting       | 4 |  4.3
Axes           | |  4.7
Armour         | |  2.1
Dodging        | |  1.5

Action                   || total
-------------------------++-------
Melee: Hand axe          ||    55
Armor: Animal skin       ||    11
Dodge: Dodged            ||    34

Table legend: (Time is in decaauts)
 A = Elapsed time spent in this place.
 B = Non-inter-level travel time spent in this place.
 C = Inter-level travel time spent in this place.
 D = Time resting spent in this place.
 E = Time spent auto-exploring this place.
 F = Levels seen in this place.
 G = Mean time per level.
                   A        B        C        D        E       F      G
               +--------+--------+--------+--------+--------+-----+--------+
         Total |    635 |    635 |      0 |      0 |    537 |   1 |  635.0 |
       Dungeon |    635 |    635 |      0 |      0 |    537 |   1 |  635.0 |
               +--------+--------+--------+--------+--------+-----+--------+

Top non-repeatable levels by time:
     D:1: 635 daAuts

Table legend:
 A = Kills in this place as a percentage of kills in entire the game.
 B = Kills by you in this place as a percentage of kills by you in the entire game.
 C = Kills by friends in this place as a percentage of kills by friends in the entire game.
 D = Other kills in this place as a percentage of other kills in the entire game.
 E = Experience gained in this place as a percentage of experience gained in the entire game.
 F = Experience gained in this place divided by the number of levels of this place that you have seen.
                   A       B       C       D       E      F
               +-------+-------+-------+-------+-------+----------------------
         Total | 100.0 | 100.0 |   N/A |   N/A | 100.0 |  30.0
       Dungeon | 100.0 | 100.0 |   N/A |   N/A | 100.0 |  30.0
               +-------+-------+-------+-------+-------+----------------------
